 Dungeon Crawl Stone Soup version 0.21.1-1-g345015f (webtiles) character file.

268 n0claF the Caller (level 6, -11/32 HPs)
             Began as a Deep Elf Summoner on June 14, 2018.
             Shot with an arrow by a centaur (13 damage)
             ... on level 4 of the Dungeon.
             The game lasted 00:17:08 (3353 turns).

n0claF the Caller (Deep Elf Summoner)               Turns: 3353, Time: 00:17:08

Health: -11/32     AC:  2    Str:  5    XL:     6   Next: 0%
Magic:  4/15       EV: 14    Int: 22    God:
Gold:   212        SH:  0    Dex: 15    Spells: 4/14 levels left

rFire    . . .     SeeInvis .   l - +0 scythe
rCold    . . .     Gourm    .   (shield currently unavailable)
rNeg     . . .     Faith    .   a - +0 robe
rPois    .         Spirit   .   (no helmet)
rElec    .         Reflect  .   (no cloak)
rCorr    .         Harm     .   (no gloves)
MR       .....                  (no boots)
Stlth    +++.......             (no amulet)
HPRegen  0.10/turn              (no ring)
MPRegen  0.14/turn              (no ring)

@: no status effects
A: no striking features
a: no special abilities


You were on level 4 of the Dungeon.
You were not hungry.

You visited 1 branch of the dungeon, and saw 4 of its levels.

You collected 212 gold pieces.

Inventory:

Hand Weapons
 c - a +2 dagger of freezing
   (You found it on level 1 of the Dungeon)
 l - a +0 scythe (weapon)
   (You took it off Sigmund on level 2 of the Dungeon)
Armour
 a - a +0 robe (worn)
Scrolls
 f - 2 scrolls of identify {@r1}
 i - 2 scrolls of enchant armour {unknown}
Potions
 d - a potion of degeneration {unknown}
 g - a potion of ambrosia {unknown}
 j - 4 potions of curing {@q1}
 k - 2 potions of invisibility {unknown}
 m - a potion of heal wounds {unknown}
Books
 b - a book of Callings
Comestibles
 e - 10 rations {!d}
 h - 3 chunks of flesh


   Skills:
 + Level 4.3 Dodging
 + Level 4.5 Stealth
 + Level 4.9 Spellcasting
 + Level 5.5 Summonings


You had 4 spell levels left.
You knew the following spells:

 Your Spells              Type           Power        Failure   Level  Hunger
a - Summon Small Mammal   Summ           ####         1%          1    None
b - Call Imp              Summ           ####....     1%          2    None
c - Call Canine Familiar  Summ           ####....     3%          3    ##.....
d - Summon Ice Beast      Ice/Summ       ###.....     32%         4    ####...


Dungeon Overview and Level Annotations

Branches:
Dungeon (4/15)
 Temple: D:4-7

Altars:
Ashenzari
Elyvilon
Gozag
Vehumet
Xom
Zin

Annotations:
D:4 Pikel


Message History

Your ice beast closely misses the slave.
Your hound bites Pikel.
Your shadow imp hits the slave.
Your crimson imp hits Pikel but does no damage.
The slave hits your crimson imp! The slave hits your crimson imp.
Your crimson imp barely misses the slave.
A centaur comes into view.
What are your orders? t - Shout!
Orders for allies: a - Attack new target. r - Retreat! s - Stop attacking. g - Guard the area. f - Follow me.
Anything else - Cancel.
Gang up on whom?
Aim: Pikel, wielding a whip of flaming, wearing a robe and carrying a wand of acid (5) (lightly wounded) Attack!
Your hound misses Pikel. Pikel barely misses your hound.
Your ice beast barely misses the slave.
The slave hits your shadow imp but does no damage.
Your shadow imp closely misses the slave.
Your crimson imp barely misses Pikel.
The slave closely misses your crimson imp.
The slave barely misses your ice beast. The slave hits your hound.
Your hound closely misses Pikel.
Pikel hits your hound with a whip of flaming.
Pikel burns your hound.
Your hound bites Pikel but does no damage.
Your crimson imp closely misses Pikel.
Your crimson imp hits the slave but does no damage.
The centaur wields a shortbow.
The centaur shoots an arrow.
The arrow hits you!
* * * LOW HITPOINT WARNING * * *
The slave hits your crimson imp. The slave hits your ice beast.
The slave hits your shadow imp.
You see here an arrow.
Your hound bites Pikel.
Pikel hits your hound but does no damage.
Your ice beast closely misses the slave.
Your shadow imp misses the slave.
The centaur shoots an arrow.
The arrow closely misses you.
Your crimson imp hits Pikel but does no damage.
Your crimson imp barely misses the slave.
The slave barely misses your shadow imp.
The slave hits your crimson imp.
Your hound bites Pikel.
Pikel hits your hound with a whip of flaming.
Pikel burns your hound.
Your hound misses Pikel.
Your shadow imp closely misses the slave.
Your crimson imp blinks!
Your crimson imp hits Pikel.
The slave closely misses your shadow imp.
Something completely misses your crimson imp.
The centaur shoots an arrow.
The arrow hits you!
You die...

...... #.# ...... .). #.#
.......... #.# .... .... #.#
##... ..... #.# #..# ##..# #
#.# #######(###...# ..
#.#######
##)...@......###...
........###).####..(_......#
.......<##..##
#..#...#.###.. ...........##
#.##......# ........####
#..#...ch...# ........#
#.#.....5.5(... ........#
........5Kpp... ........#
.........Y.....# ........#
#................


You could see Pikel, a centaur, a friendly hound and a friendly shadow imp.

Vanquished Creatures
  Natasha (D:2)
  A worker ant (D:4)
  A kobold (D:2)
3 creatures vanquished.

Vanquished Creatures (collateral kills)
  Sigmund (D:2)
  2 orc priests (D:3)
  Natasha (D:2)
  2 orc wizards
  A hound skeleton (D:4)
  6 adders
  3 worms
  11 orcs
  4 giant cockroaches
  9 goblins
  2 hobgoblins (D:2)
  3 kobolds
  A quokka (D:3)
  9 bats
  3 frilled lizards
  7 rats
65 creatures vanquished.

Grand Total: 68 creatures vanquished

Notes
Turn   | Place    | Note
-------+----------+-------------------------------------------
     0 | D:1      | n0claF the Deep Elf Summoner began the quest for the Orb.
     0 | D:1      | Reached XP level 1. HP: 10/10 MP: 6/6
   958 | D:2      | Noticed Natasha
   980 | D:2      | Killed Natasha
   980 | D:2      | Reached XP level 2. HP: 12/15 MP: 1/8
  1055 | D:2      | Learned a level 2 spell: Call Imp
  1132 | D:2      | Reached XP level 3. HP: 19/19 MP: 8/10
  1224 | D:2      | Found a radiant altar of Vehumet.
  1359 | D:2      | Found a shattered altar of Ashenzari.
  1388 | D:2      | Learned a level 3 spell: Call Canine Familiar
  1391 | D:2      | Noticed Sigmund
  1404 | D:2      | Killed Sigmund
  1404 | D:2      | Reached skill level 5 in Summonings
  1404 | D:2      | Reached XP level 4. HP: 24/24 MP: 4/12
  2050 | D:2      | Noticed Natasha
  2060 | D:2      | Killed Natasha
  2060 | D:2      | Reached XP level 5. HP: 28/28 MP: 2/13
  2148 | D:2      | Learned a level 4 spell: Summon Ice Beast
  2395 | D:3      | Found a shimmering altar of Xom.
  2395 | D:3      | Noticed an angel
  2853 | D:3      | Found a glowing silver altar of Zin.
  2974 | D:3      | Found a faded altar of an unknown god.
  3010 | D:3      | Found a white marble altar of Elyvilon.
  3311 | D:4      | Found an opulent altar of Gozag.
  3331 | D:4      | Reached XP level 6. HP: 32/32 MP: 11/15
  3342 | D:4      | Noticed Pikel
  3343 | D:4      | Noticed a slave
  3343 | D:4      | Noticed a slave
  3343 | D:4      | Noticed a slave
  3344 | D:4      | Noticed a slave
  3353 | D:4      | Shot with an arrow by a centaur

Skill      XL: |  1  2  3  4  5 |
---------------+----------------+-----
Stealth        | 3 4 |  4.5
Dodging        | 3 4 |  4.3
Spellcasting   | 4 |  4.9
Summonings     | 5 |  5.5

Action                   |  1- 3 |  4- 6 || total
-------------------------+-------+-------++-------
Melee: Dagger            |    11 |       ||    11
       Unarmed           |     1 |       ||     1
       Scythe            |       |     5 ||     5
 Cast: Summon Small Mamm |    23 |       ||    23
       Call Imp          |    12 |    27 ||    39
       Call Canine Famil |     1 |    25 ||    26
       Summon Ice Beast  |       |     4 ||     4
  Use: Scroll            |       |     4 ||     4
  Eat: Chunk             |     2 |     8 ||    10
Armor: Robe              |     5 |     2 ||     7
Dodge: Dodged            |    13 |    20 ||    33
